 Dungeon Crawl Stone Soup version 0.29.0-11-gd7f09526c8 (webtiles) character file.

Game seed: 1585344316895429075

200803 Flugkiller the Severer (level 17, -1/163 HPs)
             Began as a Minotaur Fighter on Sept 3, 2022.
             Was a High Priest of Okawaru.
             Slain by a salamander
             ... wielding a +0 trident
              (15 damage)
             ... on level 4 of the Snake Pit.
             The game lasted 00:18:47 (31575 turns).

Flugkiller the Severer (Minotaur Fighter)          Turns: 31575, Time: 00:18:48

Health: -1/163     AC: 31    Str: 18    XL:     17   Next: 89%
Magic:  14/24      EV: 22    Int: 15    God:    Okawaru [*****.]
Gold:   1372       SH: 14    Dex: 14    Spells: 16/16 levels left

rFire   . . .      SeeInvis +   B - +9 broad axe (vamp)
rCold   + + +      Faith    .   G - +0 kite shield
rNeg    + . .      Spirit   .   S - +1 pearl dragon scales "Yhuruade" {rN+ Int+2}
rPois   +          Reflect  .   (helmet unavailable)
rElec   .          Harm     .   K - +2 cloak
rCorr   +          Rampage  .   o - +1 pair of gloves of Parsimonious Miracles {rPois Regen+}
Will    ++...                   P - +1 pair of boots
Stlth   +.........              V - amulet of the acrobat
HPRegen 1.17/turn               v - +4 ring of evasion
MPRegen 0.19/turn               x - ring of the Raven {rC+++ Will+ rCorr Dex-3 SInv}

@: lethally poisoned (-1 -> -2), heroic, finesse-ful, studying Axes
A: horns 3, retaliatory headbutt, clever 2
}: 1/15 runes: barnacled
a: Renounce Religion, Heroism, Finesse, Duel


You were on level 4 of the Snake Pit.
You worshipped Okawaru.
Okawaru was extremely pleased with you.
You visited 6 branches of the dungeon, and saw 31 of its levels.
You also visited: Ice Cave.

You collected 2294 gold pieces.
You spent 922 gold pieces at shops.

Inventory:

Hand Weapons
 B - a +9 vampiric broad axe (weapon)
   (Okawaru gifted it to you on level 1 of the Lair of Beasts)
Missiles
 D - 7 throwing nets (quivered)
Armour
 f - a scarf of repulsion
   (You found it on level 1 of the Dungeon)
 o - the +1 pair of gloves of Parsimonious Miracles (worn) {rPois Regen+}
   (You acquired it on level 1 of the Vaults)

   rPois:     It protects you from poison.
   Regen:     It increases your rate of health regeneration.
 p - the +11 ice dragon scales of Ziddoqarch {rF- rC++ Int+2}
   (You found it in an ice cave)

   Int:       It affects your intelligence (+2).
   rF:        It makes you vulnerable to fire.
   rC:        It greatly protects you from cold.
 G - a +0 kite shield (worn)
   (You took it off a vault guard on level 13 of the Dungeon)
 K - a +2 cloak (worn)
   (You found it on level 3 of the Lair of Beasts)
 P - a +1 pair of boots (worn)
   (You found it on level 6 of the Dungeon)
 S - the +1 pearl dragon scales "Yhuruade" (worn) {rN+ Int+2}
   (Okawaru gifted it to you on level 4 of the Lair of Beasts)

   Int:       It affects your intelligence (+2).
   rN:        It protects you from negative energy.
Jewellery
 a - the ring of Cowardice {rC+ Dex+9}
   (You found it in an ice cave)

   [ring of protection from cold]

   Dex:       It affects your dexterity (+9).
   rC:        It protects you from cold.
 m - a ring of willpower
   (You found it on level 14 of the Dungeon)
 v - a +4 ring of evasion (left hand)
   (You found it on level 13 of the Dungeon)
 x - the ring of the Raven (right hand) {rC+++ Will+ rCorr Dex-3 SInv}
   (You acquired it on level 7 of the Dungeon)

   [ring of see invisible]

   Dex:       It affects your dexterity (-3).
   rC:        It renders you almost immune to cold.
   SInv:      It lets you see invisible.
   rCorr:     It protects you from acid and corrosion.
   Will:      It increases your willpower.
 M - the amulet "Uxub" {Spirit +Blink Dex-3 Slay+2}
   (You found it on level 4 of the Shoals)

   [amulet of guardian spirit]

   It causes incoming damage to be divided between your reserves of health and
   magic.
   Dex:       It affects your dexterity (-3).
   Slay:      It affects your accuracy & damage with ranged weapons and melee
   (+2).
   +Blink:    It lets you blink.
 V - an amulet of the acrobat (around neck)
   (You found it on level 15 of the Dungeon)
Wands
 e - a wand of roots (19)
   (You found it on level 5 of the Dungeon)
 g - a wand of digging (6)
   (You found it on level 3 of the Lair of Beasts)
 y - a wand of paralysis (20)
   (You found it on level 7 of the Dungeon)
 Q - a wand of acid (10)
   (You found it on level 4 of the Lair of Beasts)
 R - a wand of mindburst (7)
   (You found it on level 4 of the Lair of Beasts)
Scrolls
 c - a scroll of enchant weapon
 l - a scroll of magic mapping
 n - 9 scrolls of immolation
 r - 5 scrolls of identify
 t - 8 scrolls of teleportation
 z - 5 scrolls of blinking
 E - 3 scrolls of brand weapon
 J - 3 scrolls of fear
 O - 3 scrolls of fog
 T - a scroll of torment {unknown}
 W - a scroll of silence {unknown}
Potions
 b - 3 potions of mutation
 d - 7 potions of might
 h - 2 potions of haste
 i - 5 potions of flight
 k - 2 potions of resistance {unknown}
 q - 3 potions of curing
 s - 2 potions of ambrosia
 u - a potion of invisibility
 w - 7 potions of heal wounds
 A - 4 potions of cancellation
 H - 3 potions of lignification
 L - 3 potions of magic {unknown}
 N - 3 potions of attraction {unknown}
Miscellaneous
 C - a tin of tremorstones (2/2)
   (You found it on level 14 of the Dungeon)
 F - a condenser vane
   (You found it on level 2 of the Lair of Beasts)


   Skills:
 + Level 17.6(22.6) Fighting
 - Level 18.0(23.0) Axes
 + Level 17.6(22.6) Armour
 + Level 14.8(19.8) Dodging
 + Level 12.2(17.2) Shields
 - Level 11.0 Invocations
 - Level 10.0 Evocations


You had 16 spell levels left.
You didn't know any spells.
Your spell library was empty.

Dungeon Overview and Level Annotations

Branches:
Dungeon (15/15)            Temple (0/1) D:7            Lair (5/5) D:10
 Shoals (4/4) Lair:2        Snake (4/4) Lair:3        Slime (0/5) Lair:5
    Orc (2/2) D:11            Elf (0/3) Orc:2        Vaults (1/5) D:13
 Depths (0/4) D:15          IceCv (visited)

Altars:
Ashenzari
Cheibriados
Dithmenos
Elyvilon
Fedhas
Gozag
Kikubaaqudgha
Makhleb
Nemelex Xobeh
Okawaru
Qazlal
Ru
Sif Muna
Wu Jian
Yredelemnul
The Shining One
Jiyva

Shops:
D:1 [   D:4 :   D:6 (=*:   D:7 ?!   D:14 (   Orc:1 *   Orc:2 *[[([
Shoals:3 **   Snake:4 *

Annotations:
D:15 Roxanne


Innate Abilities, Weirdness & Mutations

You have a pair of large horns on your head.
You reflexively headbutt those who attack you in melee.
Your mind is very acute. (Int +8, Str/Dex -2)


Message History

The naga ritualist closely misses you. You block the salamander's attack.
The naga ritualist misses you. You block the naga ritualist's attack.
You block the salamander's attack.
You barely miss the nagaraja. Your headbutt misses the nagaraja.
The nagaraja is lightly wounded.
You slash the naga!
You feel better.
You slash the salamander!
You feel better.
You closely miss the naga ritualist. You slash the naga warrior!
You feel better.
You slash the salamander mystic!
You feel sick.
You are more poisoned. x2
The naga ritualist's toxic aura wanes.
You are more poisoned.
The naga loses its grip on you.
You block the salamander mystic's attack.
You block the naga ritualist's attack. The naga warrior misses you.
You block the naga warrior's attack.
The salamander hits you but does no damage.
You block the naga ritualist's attack.
You hit the nagaraja. Your headbutt misses the nagaraja.
The nagaraja is lightly wounded.
You hit the naga mage. You slash the salamander! You slash the naga ritualist!
You slash the naga warrior!
You feel better.
You slash the salamander mystic!
You kill the salamander mystic!
Okawaru accepts your kill.
You feel very sick. The nagaraja spits poison at you.
The splash of poison misses you. The salamander completely misses you.
You furiously retaliate!
You headbutt the salamander, but do no damage.
You slash the nagaraja! You headbutt the nagaraja.
The nagaraja is moderately wounded.
You slice the naga warrior!!
You kill the naga warrior!
Okawaru accepts your kill.
You hit the naga mage but do no damage. You slice the salamander!!
You hit the naga ritualist but do no damage.
You feel very sick.
* * * LOW HITPOINT WARNING * * *
You are more poisoned.
* * * LOW HITPOINT WARNING * * *
You are more poisoned.
The naga ritualist hits you but does no damage.
You feel better.
You are poisoned.
You are more poisoned.
The nagaraja hits you with a +3 whip!
* * * LOW HITPOINT WARNING * * *
The nagaraja misses you. You block the salamander's attack.
You block the naga ritualist's attack.
The naga mage gestures wildly while chanting.
The naga mage seems to speed up.
The salamander closely misses you. You furiously retaliate!
You headbutt the salamander!
A naga ritualist comes into view. It is wielding a +0 glaive.
The naga warrior roars a battlecry!
The naga ritualist goes into a battle-frenzy!
The nagaraja hits you but does no damage.
The nagaraja misses you. You block the naga mage's attack.
The naga mage misses you.
The naga ritualist mumbles some strange prayers to its god.
The naga ritualist begins to radiate toxic energy.
* * * LOW HITPOINT WARNING * * *
You are more poisoned.
You barely miss the nagaraja.
The nagaraja is moderately wounded.
You hit the naga but do no damage. You slash the naga mage!
You feel better.
You barely miss the salamander. You slash the naga ritualist!
You feel sick. The naga mage casts a spell at you.
The bolt of poison hits the naga ritualist. x2
The naga ritualist is poisoned.
The bolt of poison hits you but does no damage.
You are more poisoned.
The salamander hits you but does no damage.
The naga ritualist hits you but does no damage.
The naga mage spits poison at you. The splash of poison misses you.
The splash of poison hits the salamander.
The salamander is poisoned.
The nagaraja hits you with a +3 whip!!
* * * LOW HITPOINT WARNING * * *
The nagaraja barely misses you.
You slice the naga!!
You kill the naga!
Okawaru accepts your kill.
You hit the naga mage but do no damage. You slash the salamander!
You feel better.
You kill the salamander!
Okawaru accepts your kill.
You hit the nagaraja but do no damage. You barely miss the naga ritualist.
You feel less vulnerable to poison.
* * * LOW HITPOINT WARNING * * *
You feel very sick.
You feel better.
* * * LOW HITPOINT WARNING * * *
You are poisoned.
The naga ritualist's toxic aura wanes.
* * * LOW HITPOINT WARNING * * *
x2 You are more poisoned.
The nagaraja points at you and mumbles some strange words.
The bolt of poison misses you.
The naga ritualist utters an invocation to its god.
The naga ritualist begins to radiate toxic energy.
The salamander hits you from afar with a +0 trident!
You die...

#...##.......... ##...
#...##......... ##....
#...#......... #.....
#.)†.#.....#. #.....
##†)).#....... #....
##.†)#......... #..N
##..†##.........
#.)##.).##..†.......
#N@N..##.).).......
..N.SN)N†.##...)..##....
N...NN.N.##...........#.
...##...##.............#
.. #N..##......#.......#
. #...# ....... .......
#...# ..#.... ###....
...# .....#. ....


You could see a nagaraja (fast, strong), 2 naga warriors, a salamander (strong),
5 naga ritualists, a guardian serpent and 2 naga magi.

Vanquished Creatures
  Mara (Shoals:4)
  Jorgrun (D:13)
  Mlioglotl (Snake:3)
  Agnes (D:14)
  Kirke (D:14)
  3 sphinxes (Shoals:4)
  3 nagarajas
  A frost giant (Vaults:1)
  2 vault wardens (Vaults:1)
  Louise (D:14)
  2 ironbound preservers (Vaults:1)
  A reaper (IceCv)
  A stone giant (Vaults:1)
  A minotaur (Shoals:4)
  Snorg (D:14)
  6 merfolk impalers
  Josephine (D:10)
  A great orb of eyes (Vaults:1)
  3 salamander tyrants (Snake:4)
  8 vault guards (D:13)
  A catoblepas (Lair:5)
  An ironbound frostheart (Vaults:1)
  10 hydras
  2 two-headed ogres (D:11)
  2 boulder beetles
  7 centaur warriors
  13 satyrs (Shoals:4)
  9 naga warriors
  2 merfolk aquamancers
  An alligator snapping turtle (Shoals:4)
  7 anacondas
  A deep troll shaman (Lair:5)
  16 death yaks
  2 shock serpents (Snake:4)
  3 orc high priests (Orc:2)
  Nergalle (Orc:1)
  6 naga sharpshooters
  3 salamander mystics
  4 naga ritualists
  3 deep trolls (Vaults:1)
  4 sea snakes
  2 wizards
  A lindwurm (Lair:5)
  A wolf spider zombie (D:15)
  A phantasmal warrior (Vaults:1)
  8 mana vipers
  7 harpies (Shoals:4)
  5 orc knights
  2 ironbound convokers (Vaults:1)
  A necromancer (D:15)
  A deep elf zephyrmancer (D:15)
  7 cyclopes
  10 salamanders
  3 deep elf pyromancers
  2 oklob plants (Lair:3)
  A wolf spider (D:15)
  11 ugly things
  4 fauns (Shoals:4)
  4 orc sorcerers
  11 manticores
  13 elephants
  2 water nymphs
  24 black mambas
  3 vault sentinels (Vaults:1)
  4 merfolk sirens
  5 guardian serpents
  2 ice statues (IceCv)
  12 naga magi
  3 torpor snails
  14 cane toads
  2 gargoyles
  Maggie (D:8)
  2 centaur skeletons (D:15)
  5 rime drakes
  2 yaktaurs (Vaults:1)
  An anaconda simulacrum (IceCv)
  An efreet (D:13)
  3 freezing wraiths
  9 komodo dragons
  6 ice devils (IceCv)
  20 merfolk
  3 wind drakes
  4 polar bears
  A troll (D:11)
  8 dream sheep
  18 blink frogs
  4 slime creatures (D:12)
  A snapping turtle (Shoals:4)
  A dire elephant simulacrum (IceCv)
  2 shadows (D:11)
  7 water elementals
  50 yaks
  A spriggan (Lair:3)
  Sigmund (D:6)
  6 wyverns
  6 wraiths
  A hog (D:14)
  4 humans (D:14)
  A steam dragon (D:4)
  5 basilisks
  6 vampire mosquitoes (D:12)
  3 harpy simulacra (IceCv)
  26 nagas
  An acid dragon (D:12)
  20 water moccasins
  A meliai simulacrum (D:15)
  4 black bears
  2 sky beasts (D:7)
  27 orc warriors
  4 ogres
  11 centaurs
  25 wolves
  2 kobold brigands
  3 necrophages
  21 bullfrogs
  A cane toad simulacrum (IceCv)
  A two-headed ogre simulacrum (IceCv)
  A scorpion (D:4)
  9 wights
  43 killer bees
  2 vampire bats (Lair:5)
  3 electric eels (Lair:4)
  3 howler monkeys (D:10)
  5 hounds
  3 jellies
  A gnoll bouda (D:9)
  25 orc priests
  Crazy Yiuf (D:3)
  2 iguanas
  29 orc wizards
  Natasha (twice) (D:2)
  A spriggan simulacrum (IceCv)
  Robin (D:3)
  5 gnolls
  5 adders
  15 white imps
  2 ufetubi
  A worm (D:2)
  6 dart slugs
  92 orcs
  12 bats
  10 endoplasms
  2 giant cockroaches
  13 hobgoblins
  10 jackals
  17 kobolds
  2 quokkas
  4 ball pythons
  A frilled lizard (D:2)
  17 goblins
  6 rats
  A butterfly (Lair:3)
988 creatures vanquished.

Vanquished Creatures (others)
  A wizard (D:14)
  An orc (Orc:1)
  68 fungi
  156 plants
  2 starspawn tentacles (Snake:3)
228 creatures vanquished.

Grand Total: 1216 creatures vanquished

Notes
Turn   | Place    | Note
-------+----------+-------------------------------------------
     0 | D:1      | Flugkiller the Minotaur Fighter began the quest for the
                  | Orb.
     0 | D:1      | Reached XP level 1. HP: 19/19 MP: 0/0
    39 | D:1      | Reached XP level 2. HP: 20/27 MP: 1/1
   125 | D:1      | Reached skill level 3 in Axes
   591 | D:1      | Found Duunargh's Armour Shop.
   603 | D:1      | Reached XP level 3. HP: 33/33 MP: 2/2
   653 | D:1      | Found a faded altar of an unknown god.
  1054 | D:2      | Noticed Natasha
  1061 | D:2      | Killed Natasha
  1062 | D:2      | Reached skill level 4 in Axes
  1062 | D:2      | Reached XP level 4. HP: 35/41 MP: 3/3
  1654 | D:2      | Noticed Natasha
  1658 | D:2      | Killed Natasha
  1946 | D:3      | Reached XP level 5. HP: 33/47 MP: 4/4
  2039 | D:3      | Identified the +2 robe of Classification {Will+}
  2130 | D:3      | Found a runed translucent door.
  2131 | D:3      | Noticed Crazy Yiuf
  2172 | D:3      | Reached skill level 5 in Axes
  2207 | D:3      | Noticed Robin
  2223 | D:3      | Killed Robin
  2575 | D:3      | Found a basalt altar of Yredelemnul.
  2777 | D:3      | Killed Crazy Yiuf
  2778 | D:3      | Reached skill level 5 in Fighting
  2778 | D:3      | Reached skill level 5 in Armour
  2837 | D:4      | Reached XP level 6. HP: 56/56 MP: 5/5
  3078 | D:4      | Noticed a steam dragon
  3085 | D:4      | Killed a steam dragon
  3086 | D:4      | Reached skill level 6 in Axes
  3152 | D:4      | Reached XP level 7. HP: 53/62 MP: 6/6
  3327 | D:4      | Reached skill level 7 in Axes
  3389 | D:4      | Found Leusy's Tremendous Tomes.
  3443 | D:4      | Found a white marble altar of Elyvilon.
  3668 | D:4      | Identified a scroll of acquirement
  3694 | D:5      | Entered Level 5 of the Dungeon
  3765 | D:5      | Found a shadowy altar of Dithmenos.
  3962 | D:5      | Noticed a steam dragon
  4240 | D:4      | Gained mutation: Your body sometimes deteriorates upon
                  | taking damage. [potion of mutation]
  4240 | D:4      | Gained mutation: You have sharp toenails. [potion of
                  | mutation]
  4241 | D:4      | Lost mutation: You have sharp toenails. [potion of
                  | mutation]
  4241 | D:4      | Lost mutation: Your body sometimes deteriorates upon taking
                  | damage. [potion of mutation]
  4241 | D:4      | Gained mutation: Your mind is acute. (Int +4, Str/Dex -1)
                  | [potion of mutation]
  4241 | D:4      | Gained mutation: Your mind is very acute. (Int +8, Str/Dex
                  | -2) [potion of mutation]
  4241 | D:4      | Gained mutation: You have a pair of large horns on your
                  | head. [potion of mutation]
  4523 | D:5      | Found an iron altar of Okawaru.
  4538 | D:5      | Became a worshipper of Warmaster Okawaru
  4621 | D:6      | Reached skill level 8 in Axes
  4628 | D:6      | Reached XP level 8. HP: 12/71 MP: 7/7
  5064 | D:6      | Reached skill level 1 in Invocations
  5080 | D:6      | Noticed Sigmund
  5096 | D:6      | Killed Sigmund
  5204 | D:6      | Found Foisom's Antique Weapon Boutique.
  5574 | D:6      | Found Seggism's Assorted Antiques.
  5575 | D:6      | Found Qolov's Book Boutique.
  5586 | D:6      | Bought 2 blue potions for 45 gold pieces
  5586 | D:6      | Bought a scroll labelled YZATEOKARU for 25 gold pieces
  5692 | D:6      | Reached skill level 9 in Axes
  5695 | D:6      | Reached * piety under Okawaru
  5843 | D:6      | Found Viukurch's Jewellery Emporium.
  6512 | D:7      | Reached XP level 9. HP: 45/79 MP: 10/10
  6699 | D:7      | Reached skill level 10 in Axes
  6948 | D:7      | Found Uroishr Garph's Distillery.
  7009 | D:7      | Found an ancient bone altar of Kikubaaqudgha.
  7035 | D:7      | Found Mopes's Magic Scroll Boutique.
  7041 | D:7      | Bought a scroll of enchant weapon for 105 gold pieces
  7041 | D:7      | Acquired the ring of the Raven {rC+++ Will+ rCorr Dex-3
                  | SInv}
  7074 | D:7      | Found a staircase to the Ecumenical Temple.
  7539 | D:7      | Found an ornate altar of the Wu Jian Council.
  7542 | D:7      | Found a broken altar of Ashenzari.
  7547 | D:7      | Found a snail-covered altar of Cheibriados.
  7591 | D:7      | Found an opulent altar of Gozag.
  7663 | D:7      | Found a shimmering blue altar of Sif Muna.
  7665 | D:7      | Found a stormy altar of Qazlal.
  7954 | D:8      | Reached ** piety under Okawaru
  7955 | D:8      | Reached skill level 11 in Axes
  8241 | D:8      | Found a burning altar of Makhleb.
  8325 | D:8      | Noticed Maggie
  8342 | D:8      | Killed Maggie
  8459 | D:8      | Found a sacrificial altar of Ru.
  8650 | D:9      | Reached XP level 10. HP: 56/90 MP: 10/12
  9106 | D:9      | Reached skill level 5 in Invocations
  9287 | D:9      | Found a blossoming altar of Fedhas.
  9361 | D:10     | Entered Level 10 of the Dungeon
  9402 | D:10     | Reached skill level 12 in Axes
  9449 | D:10     | Noticed Josephine
  9469 | D:10     | Killed Josephine
  9469 | D:10     | Reached *** piety under Okawaru
  9571 | D:10     | Reached **** piety under Okawaru
 10024 | D:10     | Reached skill level 13 in Axes
 10030 | D:10     | Reached skill level 10 in Fighting
 10235 | D:10     | Reached skill level 10 in Armour
 10305 | D:10     | Found a staircase to the Lair.
 10408 | D:6      | Bought a pair of gloves for 112 gold pieces
 10760 | D:10     | Reached XP level 11. HP: 67/99 MP: 11/14
 11038 | D:11     | Noticed a two-headed ogre
 11050 | D:11     | Killed a two-headed ogre
 11354 | D:11     | Noticed a two-headed ogre
 11364 | D:11     | Killed a two-headed ogre
 11420 | D:11     | Found a staircase to the Orcish Mines.
 11423 | D:11     | Noticed an orc knight
 11687 | D:11     | Killed an orc knight
 11687 | D:11     | Reached ***** piety under Okawaru
 11702 | D:11     | Reached skill level 14 in Axes
 12570 | D:11     | Noticed a five-headed hydra
 12590 | D:11     | HP: 5/101 [six-headed hydra (7)]
 12595 | D:11     | Killed a seven-headed hydra
 13035 | Lair:1   | Entered Level 1 of the Lair of Beasts
 13270 | Lair:1   | Received a gift from Okawaru
 13339 | Lair:1   | Reached skill level 15 in Axes
 13389 | Lair:1   | Reached skill level 1 in Dodging
 13389 | Lair:1   | Reached XP level 12. HP: 85/110 MP: 13/16
 13728 | Lair:1   | Received a gift from Okawaru
 14572 | Lair:2   | Found a staircase to the Shoals.
 15473 | Lair:3   | Found a blossoming altar of Fedhas.
 15504 | Lair:3   | Reached skill level 16 in Axes
 15619 | Lair:3   | Reached skill level 5 in Dodging
 15844 | Lair:3   | Found a staircase to the Snake Pit.
 15852 | Lair:3   | Received a gift from Okawaru
 16193 | Lair:3   | Noticed a four-headed hydra
 16202 | Lair:3   | Killed an eight-headed hydra
 16490 | Lair:3   | Reached skill level 17 in Axes
 16492 | Lair:3   | Reached XP level 13. HP: 102/118 MP: 15/18
 17118 | Lair:4   | Reached skill level 18 in Axes
 17496 | Lair:4   | Identified the +1 scale mail of the Desert {Fly rC- rN+
                  | Dex+10}
 17613 | Lair:4   | Identified the +1 pearl dragon scales "Yhuruade" {rN+
                  | Int+2} (Okawaru gifted it to you on level 4 of the Lair of
                  | Beasts)
 17613 | Lair:4   | Received a gift from Okawaru
 17948 | Lair:5   | Entered Level 5 of the Lair of Beasts
 18098 | Lair:5   | Reached skill level 10 in Invocations
 18105 | Lair:5   | Reached XP level 14. HP: 129/129 MP: 20/20
 18120 | Lair:5   | Received a gift from Okawaru
 18173 | Lair:5   | Reached skill level 10 in Dodging
 18284 | Lair:5   | Found a sparkling altar of Nemelex Xobeh.
 18371 | Lair:5   | Reached skill level 1 in Evocations
 18841 | Lair:5   | Received a gift from Okawaru
 19076 | Lair:5   | Found a viscous altar of Jiyva.
 19076 | Lair:5   | Found a staircase to the Slime Pits.
 19789 | D:12     | Reached skill level 5 in Shields
 20071 | D:13     | Found a frozen archway.
 20088 | IceCv    | Entered an ice cave
 20286 | IceCv    | Noticed a reaper
 20294 | IceCv    | Killed a reaper
 20295 | IceCv    | Identified the ring of Cowardice {rC+ Dex+9}
 20381 | IceCv    | Reached ****** piety under Okawaru
 20490 | IceCv    | Identified the +0 ring mail "Doimusit" {Contam rF+++ Str+2
                  | Int+3} (Okawaru gifted it to you in an ice cave)
 20490 | IceCv    | Received a gift from Okawaru
 20507 | IceCv    | Identified the +11 ice dragon scales of Ziddoqarch {rF-
                  | rC++ Int+2}
 20622 | D:13     | Noticed Jorgrun
 20643 | D:13     | Killed Jorgrun
 20930 | D:13     | Reached XP level 15. HP: 122/139 MP: 22/22
 21250 | D:13     | Found a gate to the Vaults.
 21261 | D:13     | Reached skill level 5 in Evocations
 21645 | D:13     | You fall into a shaft and drop 2 floors!
 21645 | D:15     | Entered Level 15 of the Dungeon
 21881 | D:14     | Noticed Louise
 21912 | D:14     | Killed Louise
 22418 | D:14     | Found Gout's Antique Weapon Emporium.
 22510 | D:14     | Noticed Kirke
 22521 | D:14     | Killed Kirke
 22762 | D:14     | Noticed Snorg
 22770 | D:14     | Killed Snorg
 22823 | D:14     | Noticed Agnes
 22834 | D:14     | Killed Agnes
 23032 | D:14     | Received a gift from Okawaru
 23078 | D:14     | Found a glowing golden altar of the Shining One.
 23611 | D:14     | Reached skill level 15 in Fighting
 23967 | D:15     | Noticed Roxanne
 24250 | D:15     | Reached skill level 15 in Armour
 24409 | D:15     | Found a staircase to the Depths.
 24810 | Orc:1    | Entered Level 1 of the Orcish Mines
 24810 | Orc:1    | Noticed Nergalle
 24819 | Orc:1    | Killed Nergalle
 24887 | Orc:1    | You fall into a shaft and drop 1 floor!
 24887 | Orc:2    | Entered Level 2 of the Orcish Mines
 25023 | Orc:2    | Found Naydot's Weapon Emporium.
 25023 | Orc:2    | Found Xaor's General Store.
 25026 | Orc:2    | Found Jibog's Armour Emporium.
 25026 | Orc:2    | Found Juesof's Armour Boutique.
 25097 | Orc:2    | Found Vuvvep's Antique Armour Shop.
 25176 | Orc:2    | Found a staircase to the Elven Halls.
 25390 | Orc:1    | Found Kyick's Assorted Antiques.
 25420 | Orc:1    | Bought a scroll of enchant weapon for 195 gold pieces
 25923 | Snake:1  | Entered Level 1 of the Snake Pit
 26319 | Shoals:1 | Entered Level 1 of the Shoals
 26379 | Shoals:2 | Reached XP level 16. HP: 149/149 MP: 23/23
 26499 | Shoals:3 | Received a gift from Okawaru
 26847 | Shoals:3 | Found Wotsatyp's General Store.
 26849 | Shoals:3 | Found Wobileu's Specific Store.
 26893 | Shoals:4 | Entered Level 4 of the Shoals
 27750 | Shoals:4 | Noticed a sphinx
 27756 | Shoals:4 | Paralysed by a sphinx for 2 turns
 27763 | Shoals:4 | Killed a sphinx
 27947 | Shoals:4 | Received a gift from Okawaru
 28140 | Shoals:4 | Noticed a sphinx
 28151 | Shoals:4 | Killed a sphinx
 28155 | Shoals:4 | Noticed Mara
 28179 | Shoals:4 | Noticed Flugkiller's illusion
 28305 | Shoals:4 | Noticed a sphinx
 28306 | Shoals:4 | Paralysed by a sphinx for 2 turns
 28317 | Shoals:4 | Killed a sphinx
 28395 | Shoals:4 | Noticed Flugkiller's illusion
 28410 | Shoals:4 | Killed Mara
 28513 | Shoals:4 | Got a barnacled rune of Zot
 28533 | Shoals:4 | Identified the amulet "Uxub" {Spirit +Blink Dex-3 Slay+2}
 28623 | Shoals:4 | Reached skill level 10 in Evocations
 29081 | Vaults:1 | Entered Level 1 of the Vaults
 29216 | Vaults:1 | Reached skill level 10 in Shields
 29445 | Vaults:1 | Reached XP level 17. HP: 159/159 MP: 24/24
 29611 | Vaults:1 | Acquired the +1 pair of gloves of Parsimonious Miracles
                  | {rPois Regen+}
 30971 | Snake:2  | Received a gift from Okawaru
 31027 | Snake:3  | Noticed Mlioglotl
 31034 | Snake:3  | Killed Mlioglotl
 31189 | Snake:4  | Entered Level 4 of the Snake Pit
 31261 | Snake:4  | Found Apnuim's Assorted Antiques.
 31287 | Snake:4  | Bought a small golden ring for 220 gold pieces
 31287 | Snake:4  | Bought a sapphire ring for 220 gold pieces
 31504 | Snake:4  | Identified the +5 battleaxe of Duty {flame, Contam rF+
                  | Str+5 Dex+3} (Okawaru gifted it to you on level 4 of the
                  | Snake Pit)
 31504 | Snake:4  | Received a gift from Okawaru
 31573 | Snake:4  | HP: 7/163 [nagaraja/+3 whip (27)]
 31575 | Snake:4  | Slain by a salamander

Illustrated notes

Levels and vault maps discovered:
D:1:      nicolae_arrival_somewhat_less_tricky_arrival, layout_rooms,
          hellmonk_ecumenical_altar_inner_sanctum, serial_shops, shop
D:2:      layout_loops_ring, serial_forest, infiniplex_forest_lined_2,
          infiniplex_forest_end_2, infiniplex_forest_straight_2,
          infiniplex_forest_zigzag_1, infiniplex_forest_lined_room_2,
          uniq_natasha
D:3:      layout_basic, mainiacjoe_overflow_paths, uniq_crazy_yiuf_cottage,
          uniq_robin
D:4:      layout_cave_pools, nicolae_overflow_hidden_temple,
          hangedman_decor_push, nicolae_shop_i_like_big_books,
          minmay_manual_mess
D:5:      layout_loops_cross, mainiacjoe_overflow_boulevard,
          okawaru_altar_gauntlet_db
D:6:      layout_loops_corners, serial_shops, shop, kennysheep_mini,
          nicolae_shop_advertising_works [nicolae_subvault_shop_adworks], shop,
          uniq_sigmund
D:7:      layout_loops_ring, grunt_temple_overflow_diamond,
          mainiacjoe_overflow_alcove_1,
          chequers_temple_overflow_statue_of_worship, temple_fountains,
          serial_shops, shop_fountains, shop, nicolae_figureground_sparkle
D:8:      layout_rooms, lemuel_doored_altar, mainiacjoe_overflow_24_doors,
          uniq_maggie
D:9:      layout_big_octagon, kennysheep_mini_moat
D:10:     layout_rooms, due_lair_maze_entry_diamond, uniq_josephine
D:11:     layout_irregular_city, david_orc_5
D:12:     layout_loops_ring
D:13:     layout_stronghold, erik_vaults_2, portal_ice_cave_entry_imps,
          minmay_misc_feat_hallway, uniq_jorgrun
D:14:     layout_stronghold, serial_shops, shop_statue,
          nicolae_tso_swordbearing_angel, uniq_louise, uniq_agnes, uniq_snorg,
          uniq_kirke
D:15:     grunt_enter_depths_magical_seal, layout_basic, serial_park_tiny_1,
          grunt_decor_resistance, beargit_elvish_explorers, uniq_roxanne
Lair:1:   wad_woods_minihive, layout_gridlike, serial_bayou_lagoon_a,
          eino_small_chamber_without_monster
Lair:2:   layout_cave_pods, elwin_shoals_entry_stream, grunt_megastairs_4
Lair:3:   layout_long_grid, guppyfry_snake_entry_island, hangedman_tree_tricks,
          grunt_forest_stairs_clearing, lemuel_fruit_fields,
          serial_bayou_shore_b
Lair:4:   nzn_winding_woodlands_stair_cross [nzn_winding_woodlands_5x15_eye,
          nzn_winding_woodlands_center_garden,
          nzn_winding_woodlands_5x15_split_checker,
          nzn_winding_woodlands_5x5_perimeter,
          nzn_winding_woodlands_5x5_checkerboard,
          nzn_winding_woodlands_5x15_parted,
          nzn_winding_woodlands_center_pierced_h,
          nzn_winding_woodlands_5x15_pathside_ponds], layout_regular_city,
          serial_bayou_shore_a, infiniplex_staircase_pool
Lair:5:   grunt_lair_end_beastmaster, layout_regular_city,
          dpeg_slime_entry_enclosed, basic_altar, roderic_batcave
Shoals:1: layout_shoals, uniq_nikola
Shoals:2: layout_shoals, ebering_ghost_xom, nicolae_shoals_cliffside_cave,
          nicolae_shop_gadgets, uniq_donald, uniq_ilsuiw
Shoals:3: layout_shoals, nicolae_specific_store
Shoals:4: shoals_end_hellmonk_lost_city, uniq_mara
Snake:1:  layout_layer_cave, grunt_megastairs_5
Snake:2:  layout_onion_interference, serial_shops, shop,
          nicolae_shop_window_shopping, nicolae_shop_stone
Snake:3:  layout_layer_cave, grunt_megastairs_1, uniq_vashnia, uniq_mlioglotl
Snake:4:  johnstein_snake_rune_scales, layout_cave_shapes, serial_shops,
          nicolae_shop_overgrown_old_shop, ebering_ghost_disaster_area,
          st_stairs_11, minmay_shop_star
Orc:1:    layout_caves, serial_shops, shop, mines_bat_river, uniq_nergalle
Orc:2:    grunt_orc_tribal_feast, layout_diamond_mine, serial_shops, shop
Vaults:1: nicolae_vaults_little_ls, vaults_mumra_lcd, kb_rosetta,
          ontoclasm_vaults_hangar, vaults_dpeg_spiral, hangedman_vaults_snaps,
          ontoclasm_vaults_loading_screen, nicolae_vaults_alarming,
          nicolae_vaults_network_periphery, vaults_mumra_minichess,
          grunt_vaults_funnel, nicolae_vaults_windows_and_doors_thing,
          layout_vaults_omnibox

Skill      XL: |  1  2  3  4  5  6  7  8  9 10 11 12 13 14 15 16 17 |
---------------+----------------------------------------------------+-----
Axes           | 3 4 5 6 8 9 11 13 15 17 18 | 18.0
Fighting       | 4 5 6 7 8 10 11 12 13 14 15 16 17 | 17.6
Armour         | 4 5 6 7 8 10 11 12 13 14 15 16 17 | 17.6
Invocations    | 3 4 6 7 8 10 11 | 11.0
Dodging        | 1 6 9 11 12 13 14 | 14.8
Evocations     | 4 8 10 | 10.0
Shields        | 5 8 10 12 | 12.2

Action                   |  1- 3 |  4- 6 |  7- 9 | 10-12 | 13-15 | 16-18 || total
-------------------------+-------+-------+-------+-------+-------+-------++-------
Melee: War axe           |    68 |   111 |   262 |   281 |       |       ||   722
       Headbutt          |     7 |    17 |    44 |   106 |   298 |   231 ||   703
       Battleaxe         |       |       |       |    70 |       |       ||    70
       Broad axe         |       |       |       |   161 |  1098 |   916 ||  2175
Invok: Heroism           |       |       |     6 |    25 |    27 |    21 ||    79
       Finesse           |       |       |       |     3 |     9 |    16 ||    28
Evoke: Wand              |       |       |       |     5 |       |       ||     5
  Use: Scroll            |       |       |    13 |     9 |    10 |     5 ||    37
       Potion            |       |       |     5 |     3 |     3 |     3 ||    14
 Stab: Distracted        |       |       |       |       |     1 |       ||     1
       Sleeping          |       |       |       |       |     1 |       ||     1
Armor: Scale mail        |    47 |    70 |   136 |    63 |       |       ||   316
       Plate armour      |       |       |       |   256 |   100 |       ||   356
       Pearl dragon scal |       |       |       |       |   448 |   293 ||   741
Dodge: Dodged            |    45 |    54 |   137 |   265 |   538 |   647 ||  1686
       Repelled          |       |     1 |       |       |       |       ||     1
Block: Buckler           |    15 |    31 |    51 |   104 |   231 |       ||   432
       Kite shield       |       |       |       |       |    34 |   565 ||   599
